 Dungeon Crawl Stone Soup version 0.27.1-16-g815e20cd7a (webtiles) character file.

Game seed: 15937295431481998593

327 pkoi the Magician (level 6, -3/40 HPs)
             Began as a Djinni Hedge Wizard on Nov 22, 2021.
             Killed by divine providence
             ... invoked by an orc priest
              (13 damage)
             ... on level 4 of the Dungeon.
             The game lasted 00:06:21 (2041 turns).

pkoi the Magician (Djinni Hedge Wizard)             Turns: 2041, Time: 00:06:21

Health: -3/40      AC:  4    Str:  9    XL:     6   Next: 79%
Gold:   92         EV: 12    Int: 17    God:
                   SH:  0    Dex: 13

rFire    + + +     SeeInvis .   q - +2 mace (protect)
rCold    x . .     Faith    .   (no shield)
rNeg     + . .     Spirit   .   n - +1 robe {rF+}
rPois    ∞         Reflect  .   c - +1 hat
rElec    .         Harm     .   (no cloak)
rCorr    .         Rampage  .   (no gloves)
Will     .....                  (boots unavailable)
Stlth    ++........             e - amulet of regeneration
HPRegen  1.13/turn              s - ring of positive energy
MPRegen  0.00/turn              (no ring)

@: flying
A: sickness immunity, fire resistance 2, cold vulnerability 1, float, innate
caster, hp casting, extra vitality 1
a: no special abilities


You were on level 4 of the Dungeon.
You visited 1 branch of the dungeon, and saw 4 of its levels.

You collected 92 gold pieces.

Inventory:

Hand Weapons
 a - a +0 dagger
 l - a +0 quarterstaff
 q - a +2 mace of protection (weapon)
Armour
 b - a +0 robe
 c - a +1 hat (worn)
 n - a +1 robe of fire resistance (worn)
Jewellery
 e - an amulet of regeneration (around neck)
 s - a ring of positive energy (left hand)
Scrolls
 f - a scroll of identify
 g - a scroll of enchant armour
 i - 3 scrolls of teleportation
Potions
 h - 2 potions of curing
 k - 2 potions of magic
 r - a potion of ambrosia


   Skills:
 - Level 2.1 Dodging
 - Level 1.5 Stealth
 + Level 5.4 Spellcasting


You couldn't memorise any spells.
You knew the following spells:

 Your Spells              Type           Power      Damage    Failure   Level
a - Magic Dart            Conj           92%        1d7       1%          1
b - Blink                 Tloc           N/A        N/A       2%          2
c - Call Imp              Summ           23%        N/A       2%          2
d - Slow                  Hex            23%        N/A       2%          2
e - Conjure Flame         Conj/Fire      23%        6-21      4%          3
f - Mephitic Cloud        Conj/Pois/Air  23%        N/A       4%          3
g - Freeze                Ice            92%        1d10      1%          1
h - Passwall              Tmut/Erth      19%        N/A       2%          2
Your spell library was empty.

Dungeon Overview and Level Annotations

Branches:
Dungeon (4/15)
 Temple: D:4-7

Altars:
Sif Muna
Vehumet

Annotations:
D:3 2 transporters


Innate Abilities, Weirdness & Mutations

You are immune to sickness and miasma.
You are immune to poison.
Your flesh is very heat resistant. (rF++)
You are vulnerable to cold. (rC-)
You float through the air rather than walking.
You learn spells naturally, not from books.
Your magical power is your life essence.
You have superior vitality. (+4 HP)


Message History

Casting: Conjure Flame (dangerous; 4% risk of failure)
Confirm with . or Enter, or press ? or * to list all spells.
The fire begins to smoulder!
Casting: Conjure Flame (dangerous; 4% risk of failure)
Confirm with . or Enter, or press ? or * to list all spells.
The fire ignites!
You are engulfed in blazing flames.
You resist.
The orc wizard hits you but does no damage.
Unknown command.
You barely miss the orc wizard.
The orc wizard is moderately wounded.
The orc wizard is engulfed in blazing flames.
The orc wizard hits you but does no damage.
The orc wizard is engulfed in blazing flames.
You kill the orc wizard!
Unknown command.
Aiming: Magic Dart (safe; 1% risk of failure)
Press: ? - help, Q - select action, (/) - cycle Shift-Dir - straight line, f - orc priest
Aim: an orc priest, wielding a +0 dagger (100% to hit)
The magic dart hits the orc priest.
The orc priest is lightly wounded.
The orc priest invokes the aid of Beogh against you.
Pain shoots through your body!
Aiming: Magic Dart (safe; 1% risk of failure)
Press: ? - help, Q - select action, (/) - cycle Shift-Dir - straight line, f/p - orc priest
Aim: an orc priest, wielding a +0 dagger (lightly wounded, 100% to hit)
The magic dart hits the orc priest.
The orc priest is moderately wounded.
The orc priest mumbles some strange prayers to Beogh against you.
Beogh smites you!
* * * LOW HITPOINT WARNING * * *
Your magical contamination has completely faded away.
Aiming: Magic Dart (safe; 1% risk of failure)
Press: ? - help, Q - select action, (/) - cycle Shift-Dir - straight line, f/p - orc priest
Aim: an orc priest, wielding a +0 dagger (moderately wounded, 100% to hit)
The magic dart hits the orc priest but does no damage.
The orc priest is moderately wounded.
* * * LOW HITPOINT WARNING * * *
The orc priest calls down the wrath of Beogh upon you.
Beogh smites you!
You die...

...?..# #.# ## ..!...#
#.# .. ......# #.# ##
......# ... # ......#
#)# #.. . ......# #o#
#.# # <.....####.# #o#
#.# # ..........<#
###○# #.# #
..........# #.@.# #.#
# .###.####.# #.#.#
#.# ####### <###.#
###'#######.###......
..##.##
##.....##........#####
#...>.#
#.......#.##.##### #
..###.#
#.......#.##†#########
.## #.#
+..._...'.##..........
.# #.#
#.......####.#########
.# #.# #.......# #.#


You could see an orc priest and an orc.

Vanquished Creatures
  An ogre (D:4)
  A phantom (D:3)
  2 orc wizards
  3 adders (D:2)
  A worm (D:2)
  4 dart slugs
  7 orcs
  6 ball pythons
  6 endoplasms
  6 giant cockroaches
  7 goblins
  7 hobgoblins
  4 jackals
  3 quokkas
  7 bats
  2 frilled lizards (D:1)
  3 kobolds
  8 rats
78 creatures vanquished.

Vanquished Creatures (others)
  6 plants (D:3)
6 creatures vanquished.

Grand Total: 84 creatures vanquished

Notes
Turn   | Place    | Note
-------+----------+-------------------------------------------
     0 | D:1      | pkoi the Djinni Hedge Wizard began the quest for the Orb.
     0 | D:1      | Reached XP level 1. HP: 15/15 MP: 0/0
   110 | D:1      | Reached XP level 2. HP: 21/21 MP: 0/0
   148 | D:1      | Reached skill level 3 in Spellcasting
   252 | D:1      | Reached XP level 3. HP: 25/25 MP: 0/0
   252 | D:1      | Learned a level 1 spell: Freeze
   492 | D:1      | You are sucked into a shaft and drop 1 floor!
   642 | D:2      | Reached XP level 4. HP: 31/31 MP: 0/0
  1045 | D:2      | Reached skill level 4 in Spellcasting
  1265 | D:3      | Found a transporter.
  1275 | D:3      | Noticed a phantom
  1303 | D:3      | Killed a phantom
  1304 | D:3      | Reached XP level 5. HP: 16/35 MP: 0/0
  1304 | D:3      | Learned a level 2 spell: Passwall
  1437 | D:3      | Reached XP level 6. HP: 40/40 MP: 0/0
  1597 | D:3      | Found a transporter.
  1929 | D:4      | Reached skill level 5 in Spellcasting
  2009 | D:4      | Noticed an ogre
  2022 | D:4      | Killed an ogre
  2041 | D:4      | Killed from afar by an orc priest

Illustrated notes

Levels and vault maps discovered:
D:1:      amcnicky_arrival_single_pillar, layout_rooms, minmay_curled_crystal,
          minmay_octomino_e4
D:2:      layout_loops_ring
D:3:      layout_rooms, old_standard_altar, gammafunk_ghost_gnarly_gnolls,
          minmay_strange_pillars, kennysheep_generic_room_14
D:4:      layout_loops_ring, nicolae_vehumet_altar_sigil, portal_sewer_entry_b

Skill      XL: |  1  2  3  4  5  6 |
---------------+-------------------+-----
Spellcasting   | 3 4 5 |  5.4
Dodging        | |  2.1
Stealth        | |  1.5

Action                   |  1- 3 |  4- 6 || total
-------------------------+-------+-------++-------
Melee: Dagger            |     3 |       ||     3
       Mace              |       |     8 ||     8
 Cast: Magic Dart        |    72 |   137 ||   209
       Conjure Flame     |       |     5 ||     5
       Mephitic Cloud    |       |     3 ||     3
  Use: Scroll            |       |    10 ||    10
Armor: Robe              |     7 |    23 ||    30
Dodge: Dodged            |    19 |    30 ||    49
